 Dungeon Crawl Stone Soup version 0.22.1-1-ga44c0e5 (webtiles) character file.

11445 empire the Timeless (level 11, -3/84 HPs)
             Began as a Minotaur Fighter on Nov 8, 2018.
             Was a High Priest of Cheibriados.
             Slain by a two-headed ogre
             ... wielding a +0 giant spiked club
              (13 damage)
             ... on level 11 of the Dungeon.
             The game lasted 00:25:13 (8099 turns).

empire the Timeless (Minotaur Fighter)              Turns: 8099, Time: 00:25:14

Health: -3/84      AC: 19    Str: 49    XL:     11   Next: 49%
Magic:  17/17      EV:  7    Int: 22    God:    Cheibriados [*****.]
Gold:   573        SH: 14    Dex: 26    Spells: 8/11 levels left

rFire    x . .     SeeInvis .   b - +0 scimitar
rCold    . . .     Gourm    .   c - +0 shield
rNeg     . . .     Faith    .   G - +1 plate armour
rPois    .         Spirit   .   (helmet restricted)
rElec    .         Reflect  .   (no cloak)
rCorr    +         Harm     .   (no gloves)
MR       +....                  s - +2 pair of boots
Stlth    ..........             z - amulet "Niycoe" {Acrobat rF- MR+ Str+4 Int+3}
HPRegen  0.24/turn              B - +4 ring of strength
MPRegen  0.15/turn              l - ring of resist corrosion

@: mighty, very slow
A: retaliatory headbutt, horns 2
a: Bend Time, Temporal Distortion, Slouch, Step From Time, Renounce Religion


You were on level 11 of the Dungeon.
You worshipped Cheibriados.
Cheibriados was extremely pleased with you.
You were not hungry.

You visited 2 branches of the dungeon, and saw 12 of its levels.
You also visited: Bailey.

You collected 573 gold pieces.

Inventory:

Hand Weapons
 a - a +0 hand crossbow of flaming
 b - a +0 scimitar (weapon)
Missiles
 K - 55 arrows
Armour
 c - a +0 shield (worn)
 s - a +2 pair of boots (worn)
 G - a +1 plate armour (worn)
Magical Staves
 A - an uncursed staff of air
 L - an uncursed staff of energy {unknown}
 P - an uncursed staff of earth {unknown}
Jewellery
 l - a ring of resist corrosion (right hand)
 o - an uncursed ring of stealth
 y - a +4 ring of strength
 z - the amulet "Niycoe" (around neck) {Acrobat rF- MR+ Str+4 Int+3}
   (You found it on level 4 of the Dungeon)

   [amulet of the acrobat]

   It helps you evade while moving and waiting.
   It affects your strength (+4).
   It affects your intelligence (+3).
   It makes you vulnerable to fire.
   It affects your resistance to hostile enchantments.
 B - a +4 ring of strength (left hand)
 Q - a +3 ring of evasion {unknown}
Wands
 j - a wand of scattershot (4)
 u - a wand of digging (14)
 F - a wand of polymorph (9)
Scrolls
 e - 3 scrolls of remove curse
 h - 4 scrolls of blinking {unknown}
 n - a scroll of fog {unknown}
 p - a scroll of amnesia {unknown}
 q - 2 scrolls of magic mapping
 r - 7 scrolls of teleportation
 v - 4 scrolls of enchant weapon {unknown}
 x - 2 scrolls of acquirement {unknown}
 C - a scroll of immolation {unknown}
 E - a scroll of holy word {unknown}
 H - 2 scrolls of noise {unknown}
 I - a scroll of fear {unknown}
 J - 2 scrolls of enchant armour
 N - a scroll of identify
Potions
 d - 2 potions of might
 g - 2 potions of flight
 i - 3 potions of agility
 k - 5 potions of curing
 m - a potion of heal wounds
 t - a potion of resistance
 w - a potion of mutation
 D - a potion of ambrosia {unknown}
 M - a potion of brilliance
 O - 2 potions of haste
Comestibles
 f - 25 rations


   Skills:
 - Level 4.0 Fighting
 - Level 10.0 Long Blades
 - Level 10.0 Armour
 - Level 3.6 Shields
 + Level 0.8 Spellcasting
 + Level 0.9 Charms
 + Level 1.0 Necromancy
 - Level 10.1 Invocations
 * Level 9.1 Evocations


You had 8 spell levels left.
You knew the following spells:

 Your Spells              Type           Power        Failure   Level  Hunger
a - Regeneration          Chrm/Necr      #.........   99%         3    ####...

Your spell library contained the following spells:

 Spells                   Type           Power        Failure   Level  Hunger
 Animate Skeleton         Necr           N/A          83%         1    ##.....
 Pain                     Necr           #...         83%         1    ##.....
 Confusing Touch          Hex            #.....       93%         1    ##.....
 Corona                   Hex            #......      93%         1    ##.....
 Flame Tongue             Conj/Fire      #....        93%         1    ##.....
 Magic Dart               Conj           #...         93%         1    ##.....
 Shock                    Conj/Air       #...         93%         1    ##.....
 Swiftness                Chrm/Air       #.......     96%         2    ###....
 Ensorcelled Hibernation  Hex/Ice        #.....       98%         2    ###....
 Searing Ray              Conj           #.....       98%         2    ###....
 Throw Flame              Conj/Fire      #.....       98%         2    ###....
 Vampiric Draining        Necr           #.........   99%         3    ####...
 Confuse                  Hex            #.......     100%        3    ####...
 Conjure Flame            Conj/Fire      #.......     100%        3    ####...
 Dazzling Spray           Conj/Hex       #.....       100%        3    ####...
 Gell's Gravitas          Tloc           #.........   100%        3    ####...
 Inner Flame              Hex/Fire       #.......     100%        3    ####...
 Static Discharge         Conj/Air       #.......     100%        3    ####...
 Tukima's Dance           Hex            #.......     100%        3    ####...
 Airstrike                Air            #.........   100%        4    #####..
 Animate Dead             Necr           N/A          100%        4    #####..
 Force Lance              Conj/Tloc      #.......     100%        4    #####..
 Fulminant Prism          Conj/Hex       #.........   100%        4    #####..
 Ice Form                 Ice/Tmut       #.......     100%        4    #####..
 Iskenderun's Mystic Bla  Conj           #.......     100%        4    #####..
 Petrify                  Tmut/Erth      #.......     100%        4    #####..
 Sticky Flame             Conj/Fire      #.......     100%        4    #####..
 Fireball                 Conj/Fire      #.........   100%        5    ######.
 Lightning Bolt           Conj/Air       #.........   100%        5    ######.
 Metabolic Englaciation   Hex/Ice        #.........   100%        5    ######.
 Yara's Violent Unravell  Hex/Tmut       #.........   100%        5    ######.
 Bolt of Cold             Conj/Ice       #.........   100%        6    #######
 Freezing Cloud           Conj/Ice/Air   #.........   100%        6    #######
 Ozocubu's Refrigeration  Ice            #.........   100%        6    #######
 Simulacrum               Ice/Necr       #.........   100%        6    #######


Dungeon Overview and Level Annotations

Branches:
Dungeon (11/15)            Temple (1/1) D:6            Lair (0/6) D:10
    Orc: D:9-12

Altars:
Ashenzari
Cheibriados
Dithmenos
Elyvilon
Fedhas
Gozag
Hepliaklqana
Kikubaaqudgha
Makhleb
Nemelex Xobeh
Okawaru
Qazlal
Ru
Sif Muna
Trog
Uskayaw
Vehumet
Wu Jian
Xom
Yredelemnul
Zin
The Shining One

Annotations:
D:6 exclusions: door and 2 more exclusions


Innate Abilities, Weirdness & Mutations

You reflexively headbutt those who attack you in melee.
You have a pair of horns on your head.


Message History

The troll claws you but does no damage. You block the troll's attack.
Unknown command.
Okay, then.
Okay, then.
Okay, then.
Unknown command.
You feel much better. The centaur barely misses you. You furiously retaliate!
You headbutt the centaur!!
You riposte.
You slash the centaur!
You kill the centaur!
Cheibriados thoroughly appreciates the change of pace.
Your Necromancy skill increases to level 1!
You block the two-headed ogre's attack.
The two-headed ogre hits you with a giant club!
* * * LOW HITPOINT WARNING * * *
You block the troll's attack. x2; The troll barely misses you.
You feel very mighty all of a sudden.
The two-headed ogre hits you with a giant spiked club!
* * * LOW HITPOINT WARNING * * *
The two-headed ogre hits you with a giant club!
You die...

..........#......##......
.........................
##......................
#######.#................
#.....(.#................
#(.(.................#...
#..(..(..................
###....(...T....#..........
#....(((..@######....).....
#....((((()O.(......#....#.
#..)..##.>)................
#.....#.................##.
#.......................##.
######...................#.
........####.........#[
.........# .....##...#.
.....##### .....# ...#.


You could see a two-headed ogre and a troll.

Vanquished Creatures
  An orc warlord (Bailey)
  Harold (D:10)
  3 two-headed ogres
  An unseen horror (D:11)
  Pikel (D:5)
  A slime creature (D:6)
  A vampire (D:11)
  A human (D:8)
  4 hogs (D:8)
  Duvessa (D:7)
  An ice beast (D:7)
  2 phantoms
  6 orc warriors
  2 sky beasts (D:10)
  5 ogres
  A black bear (D:11)
  9 centaurs
  7 bullfrogs
  3 big kobolds
  4 scorpions
  10 wights
  Dowan (D:7)
  3 killer bees (D:9)
  5 howler monkeys
  A bullfrog zombie (D:6)
  A centaur zombie (D:11)
  7 crimson imps
  5 jellies (D:6)
  4 hounds
  A gnoll shaman (D:6)
  A centaur skeleton (D:9)
  3 orc priests
  4 bullfrog skeletons
  4 iguanas
  10 orc wizards
  5 worker ants
  A killer bee zombie (D:9)
  2 worker ant zombies
  11 gnolls
  2 howler monkey zombies
  11 adders
  A howler monkey skeleton (D:4)
  3 shadow imps
  7 oozes
  2 adder skeletons
  4 worms
  A dart slug (D:1)
  6 leopard geckos
  56 orcs
  8 bats
  3 giant cockroaches
  16 goblins
  12 hobgoblins
  8 jackals
  26 kobolds
  3 quokkas
  12 frilled lizards
  2 leopard gecko zombies
  A quokka skeleton (D:5)
  9 rats
  3 fungi (D:6)
330 creatures vanquished.

Vanquished Creatures (others)
  A fungus (D:6)
  5 toadstools (D:6)
6 creatures vanquished.

Grand Total: 336 creatures vanquished

Notes
Turn   | Place    | Note
-------+----------+-------------------------------------------
     0 | D:1      | empire the Minotaur Fighter began the quest for the Orb.
     0 | D:1      | Reached XP level 1. HP: 19/19 MP: 0/0
   164 | D:1      | Reached XP level 2. HP: 26/26 MP: 1/1
   690 | D:2      | Reached XP level 3. HP: 31/31 MP: 2/2
   779 | D:2      | Found a hide-covered altar of Uskayaw.
   960 | D:2      | Found a faded altar of an unknown god.
   991 | D:2      | Reached skill level 5 in Long Blades
  1482 | D:3      | Reached XP level 4. HP: 39/40 MP: 3/3
  2145 | D:4      | Reached XP level 5. HP: 40/46 MP: 4/4
  2195 | D:4      | Noticed a phantom
  2222 | D:4      | Killed a phantom
  2288 | D:4      | Reached XP level 6. HP: 43/52 MP: 5/5
  2369 | D:4      | Got a pitted bone amulet
  2423 | D:4      | Reached skill level 5 in Armour
  2901 | D:5      | Entered Level 5 of the Dungeon
  2926 | D:5      | Reached XP level 7. HP: 54/59 MP: 6/6
  3016 | D:5      | Found an ancient bone altar of Kikubaaqudgha.
  3016 | D:5      | Found a shimmering altar of Xom.
  3018 | D:5      | Found a shadowy altar of Dithmenos.
  3019 | D:5      | Found a glowing golden altar of the Shining One.
  3020 | D:5      | Found a blossoming altar of Fedhas.
  3021 | D:5      | Found a bloodstained altar of Trog.
  3118 | D:5      | Noticed Pikel
  3132 | D:5      | Killed Pikel
  3132 | D:5      | Reached skill level 10 in Long Blades
  3132 | D:5      | Reached XP level 8. HP: 35/66 MP: 7/7
  3359 | D:6      | Found a staircase to the Ecumenical Temple.
  3463 | Temple   | Entered the Ecumenical Temple
  3510 | Temple   | Became a worshipper of Cheibriados the Contemplative
  3521 | Temple   | Identified the amulet "Niycoe" {Acrobat rF- MR+ Str+4
                  | Int+3} (You found it on level 4 of the Dungeon)
  3674 | D:6      | Reached skill level 1 in Invocations
  3674 | D:6      | Reached skill level 1 in Evocations
  3899 | D:6      | Reached * piety under Cheibriados
  3907 | D:6      | Noticed a slime creature
  3928 | D:6      | Killed a slime creature
  3928 | D:6      | Reached XP level 9. HP: 60/71 MP: 8/10
  4029 | D:6      | Reached skill level 10 in Armour
  4463 | D:6      | Reached ** piety under Cheibriados
  4873 | D:7      | Reached skill level 5 in Invocations
  4986 | D:7      | Reached *** piety under Cheibriados
  4986 | D:7      | Reached skill level 5 in Evocations
  5094 | D:7      | Noticed Dowan
  5095 | D:7      | Noticed Duvessa
  5102 | D:7      | Killed Dowan
  5106 | D:7      | Killed Duvessa
  5243 | D:7      | Reached XP level 10. HP: 73/78 MP: 13/13
  5509 | D:8      | Noticed a two-headed ogre
  5516 | D:8      | Killed a two-headed ogre
  5597 | D:8      | Found an ornate altar of the Wu Jian Council.
  6001 | D:8      | Reached **** piety under Cheibriados
  6192 | D:9      | Found a deep blue altar of Sif Muna.
  6270 | D:9      | Found a radiant altar of Vehumet.
  6830 | D:9      | Reached ***** piety under Cheibriados
  6901 | D:10     | Entered Level 10 of the Dungeon
  7024 | D:10     | Found a flagged portal.
  7053 | Bailey   | Entered a bailey
  7081 | Bailey   | Noticed an orc warlord
  7137 | Bailey   | Found a runed gate.
  7139 | Bailey   | Found a runed gate.
  7237 | Bailey   | Found a runed gate.
  7285 | Bailey   | Killed an orc warlord
  7285 | Bailey   | Reached XP level 11. HP: 42/84 MP: 16/16
  7320 | Bailey   | Learned a level 3 spell: Regeneration
  7469 | D:10     | Found a staircase to the Lair.
  7523 | D:10     | Noticed Harold
  7534 | D:10     | Killed Harold
  7924 | D:11     | Noticed a two-headed ogre
  7929 | D:11     | Killed a two-headed ogre
  8016 | D:11     | Killed an unseen horror
  8016 | D:11     | Reached skill level 10 in Invocations
  8046 | D:11     | Noticed a two-headed ogre
  8052 | D:11     | Killed a two-headed ogre
  8088 | D:11     | Noticed a two-headed ogre
  8098 | D:11     | Reached skill level 1 in Necromancy
  8099 | D:11     | Slain by a two-headed ogre

Skill      XL: |  1  2  3  4  5  6  7  8  9 10 11 |
---------------+----------------------------------+-----
Long Blades    | 3 4 5 6 8 10 | 10.0
Fighting       | 4 |  4.0
Armour         | 4 5 7 9 10 | 10.0
Invocations    | 2 6 9 10 | 10.1
Evocations     | 2 5 8 9 |  9.1
Necromancy     | 1 |  1.0
Shields        | |  3.6
Spellcasting   | |  0.8
Charms         | |  0.9

Action                   |  1- 3 |  4- 6 |  7- 9 | 10-12 || total
-------------------------+-------+-------+-------+-------++-------
Melee: Long sword        |   103 |   126 |   240 |       ||   469
       Headbutt          |    24 |    26 |   102 |    97 ||   249
       Scimitar          |       |       |    86 |   242 ||   328
Evoke: Wand              |       |       |       |     8 ||     8
  Use: Scroll            |       |       |    13 |     2 ||    15
       Potion            |       |       |       |     6 ||     6
  Eat: Chunk             |     2 |     5 |     6 |     5 ||    18
Armor: Scale mail        |    34 |       |       |       ||    34
       Chain mail        |     7 |    70 |    80 |       ||   157
       Plate armour      |       |       |    79 |   143 ||   222
Dodge: Dodged            |    36 |    28 |    98 |   189 ||   351
Block: Shield            |    51 |    62 |   206 |   268 ||   587
       Rpst.: Long sword |     6 |     9 |    21 |       ||    36
       Scimitar          |       |       |     7 |    30 ||    37
